 Dungeon Crawl Stone Soup version 0.31.0-11-ge490571c62 (webtiles) character file.

Game seed: 17731144074276226136

91 ces the Sneak (level 4, -2/22 HPs)
             Began as a Spriggan Hunter on Jan 28, 2024.
             Slain by a hell rat (3 damage)
             ... in a sewer.
             The game lasted 00:04:03 (1800 turns).

ces the Sneak (Spriggan Hunter)                     Turns: 1800, Time: 00:04:04

Health: -2/22      AC:  2    Str:  7    XL:     4   Next: 34%
Magic:  5/5        EV: 18    Int: 10    God:
Gold:   95         SH:  0    Dex: 20    Spells: 3/3 levels left

rFire   . . .        a - +0 shortbow
rCold   . . .        (shield currently unavailable)
rNeg    . . .        c - +0 robe
rPois   .            (helmet restricted)
rElec   .            (no cloak)
rCorr   .            (gloves unavailable)
SInv    +            (boots unavailable)
Will    .....        (no amulet)
Stlth   ++++         (no ring)
HPRegen 0.23/turn    (no ring)
MPRegen 0.09/turn

%: no passive effects
@: very quick
A: very small, no large weapons, unfitting armour, see invisible, speed 3
a: no special abilities


You were in a sewer.
You visited 1 branch of the dungeon, and saw 3 of its levels.
You also visited: Sewer.

You collected 95 gold pieces.

Inventory:

Hand Weapons
 a - a +0 shortbow (weapon)
 b - a +0 dagger
Armour
 c - a +0 robe (worn)
Jewellery
 i - an amulet of the acrobat
Scrolls
 d - a scroll of fear {unknown}
 e - 2 scrolls of acquirement {unknown}
 f - a scroll of teleportation {unknown}
 g - 3 scrolls of poison
 j - a scroll of butterflies
 k - 3 scrolls of vulnerability {unknown}
 l - 3 scrolls of identify {unknown}
 m - a scroll of enchant armour {unknown}
 n - a scroll of amnesia {unknown}
Potions
 o - a potion of curing {unknown}
 p - a potion of haste {unknown}


   Skills:
 - Level 1.5 Fighting
 - Level 4.0 Ranged Weapons
 - Level 2.6 Dodging
 * Level 6.8 Stealth


You had 3 spell levels left.
You didn't know any spells.
Your spell library was empty.

Dungeon Overview and Level Annotations

Branches:
Dungeon (3/15)              Sewer (1/1)

Altars:

Shops:
D:1 ?   D:2 *


Innate Abilities, Weirdness & Mutations

You are very small and have problems with some larger weapons.
You are too small for most types of armour.
You have supernaturally acute eyesight. (SInv)
You cover ground extremely quickly. (Speed+++)


Message History

No target in view!
No target in view!
No target in view!
You enter the shallow water.
Moving in this stuff is going to be slow.
You see here a rat corpse.
You open the door.
A hell rat comes into view.
Found seven items.
Found a gate leading back out of this place.
A hell rat is nearby!
A hell rat is nearby!
A hell rat is nearby!
You shoot an arrow. The arrow hits the hell rat!
The hell rat is moderately wounded.
You shoot an arrow.
The arrow hits the hell rat but does no damage.
The hell rat is moderately wounded.
You shoot an arrow. The arrow hits the hell rat.
The hell rat is severely wounded.
You shoot an arrow.
The arrow hits the hell rat but does no damage.
The hell rat is severely wounded.
The hell rat closely misses you. The hell rat bites you!
Ouch! That really hurt!
* * * LOW HITPOINT WARNING * * *
You are too injured to fight recklessly!
You are too injured to fight recklessly!
You are too injured to fight recklessly!
Okay, then.
You enter the shallow water.
Moving in this stuff is going to be slow.
You see here a rat corpse.
You enter the shallow water.
Moving in this stuff is going to be slow.
The hell rat bites you.
* * * LOW HITPOINT WARNING * * *
It was a potion of magic.
Magic courses through your body. The hell rat bites you.
You die...

#########
###..~~~..###
###..†~...~~..#
#~~~~.##'##~..~.
##.~.###.~~# ~~~
#~~r## ~~~~~~ .
#.@~# ~~~~~.~. ~
#...##~??!)?.##..
##~~†###?∩!###..~
#.~~.~#####~.~~.
###~~~..∩~~~.~#
###~~.∩~..###
#########


You could see a hell rat.

Vanquished Creatures
  2 adders (D:2)
  2 river rats (Sewer)
  2 dart slugs (D:1)
  4 ball pythons
  6 bats
  2 endoplasms
  2 giant cockroaches
  4 goblins
  6 hobgoblins
  5 jackals
  2 quokkas
  A frilled lizard (D:2)
  2 kobolds
  8 rats
48 creatures vanquished.

Notes
Turn   | Place    | Note
-------+----------+-------------------------------------------
     0 | D:1      | ces the Spriggan Hunter began the quest for the Orb.
     0 | D:1      | Reached XP level 1. HP: 10/10 MP: 2/2
    45 | D:1      | Reached skill level 2 in Stealth
    74 | D:1      | Found Muidduypn's Magic Scroll Boutique.
   145 | D:1      | Reached skill level 3 in Stealth
   145 | D:1      | Reached XP level 2. HP: 12/14 MP: 3/3
   442 | D:1      | Reached skill level 4 in Stealth
  1060 | D:2      | Reached skill level 5 in Stealth
  1060 | D:2      | Reached XP level 3. HP: 18/18 MP: 4/4
  1382 | D:2      | Found Eneh's Assorted Antiques.
  1476 | D:3      | Reached skill level 6 in Stealth
  1715 | D:3      | Found a glowing drain.
  1728 | D:3      | Reached XP level 4. HP: 21/22 MP: 5/5
  1751 | Sewer    | Entered a sewer
  1799 | Sewer    | HP: 1/22 [hell rat (6)]
  1800 | Sewer    | Slain by a hell rat

Illustrated notes

Levels and vault maps discovered:
D:1:      heliophobic_arrival_dark_side_of_the_moon, layout_basic, serial_shops,
          nicolae_shop_temple_entry_statues_fountains
D:2:      layout_rooms, serial_shops, shop, dk_noncrumbling_2
D:3:      layout_loops_corners, serial_shops, shop, portal_sewer_entry_f,
          hex_medium, serial_bayou_lake_a
Sewer:    sewer_hellmonk_bad_rat

Skill      XL: |  1  2  3 |
---------------+----------+-----
Stealth        | 3 5 6 |  6.8
Fighting       | |  1.5
Ranged Weapons | |  4.0
Dodging        | |  2.6

Action                     |  1- 3 |  4- 6 || total
---------------------------+-------+-------++-------
  Melee: Dagger            |    72 |     3 ||    75
   Fire: Shortbow          |    66 |    26 ||    92
    Use: Scroll            |     1 |       ||     1
         Potion            |       |     1 ||     1
   Stab: Sleeping          |    10 |       ||    10
 Armour: Robe              |    32 |     5 ||    37
  Dodge: Dodged            |   110 |    16 ||   126
